Penguins vs Devils

Created - Friday, November 20, 2015 at 01:14

Goals
1 2 3 T
Penguins 0 1 0 1
Devils 3 4 1 8
Shots
1 2 3 T
Penguins 11 14 5 30
Devils 12 14 7 33

1st period

1. Devils , Matt Cullen 6 (Scottie Upshall, Ales Hemsky) at 3:45 (PP)
2. Devils , Paul Stastny 15 (Drew Stafford) at 10:40 (PP)
3. Devils , Brad Hunt 1 (Scottie Upshall, Ales Hemsky) at 15:42 (PP)

Penalties :
Mark Fraser (Pit) for High sticking (Minor) at 3:27, Mark Fraser (Pit) for Interference (Minor) at 9:43, Curtis McKenzie (Pit) for Holding (Minor) at 15:14

2nd period

4. Penguins , Mikael Granlund 6 (Jarret Stoll, Cody Ceci) at 4:49
5. Devils , Drew Stafford 8 (Tyler Johnson, Paul Stastny) at 11:21
6. Devils , Ales Hemsky 3 (Radko Gudas, Matt Cullen) at 12:59
7. Devils , Matt Cullen 7 (Radko Gudas, David Warsofsky) at 13:16
8. Devils , Drew Stafford 9 (Tyler Johnson, Paul Stastny) at 16:38

Penalties :
David Warsofsky (NJD) for Fighting (Major) at 0:47, Chris Stewart (Pit) for Fighting (Major) at 0:47, Chris Stewart (Pit) for instigated a fight (Minor) at 0:47, Chris Stewart (Pit) for instigated a fight (10 Minutes Misconduct) at 0:47, Jason Akeson (NJD) for Tripping (Minor) at 6:13, Nathan MacKinnon (Pit) for Interference (Minor) at 16:53

3rd period

9. Devils , Paul Stastny 16 (Tyler Johnson, Sergei Gonchar) at 1:38 (PP)

Penalties :
Jacob Trouba (Pit) for Slashing (Minor) at 0:03, Jason Akeson (NJD) for Roughing (Minor) at 2:12, Jarret Stoll (Pit) for Hooking (Minor) at 9:18

Goalie Stats

Dan Ellis (Pit), 14 saves from 18 shots - (0.778), L, 1-6-0, 49:43 minutes
Alex Stalock (Pit), 11 saves from 15 shots - (0.733), 10:17 minutes
Devan Dubnyk (NJD), 29 saves from 30 shots - (0.967), W, 10-3-1, 60:00 minutes

Players Stats for Penguins

Player Name              G  A  P  +/- PIM S  H  SB GA TA FO     MP     PP MP  PK MP  
------------------------------------------------------------------------------------
Chris Kelly              0  0  0   0  0   3  1  0  2  1  1/2    16:17   1:53   0:24 
Chris Stewart            0  0  0   0  17  3  2  0  3  0  0/0    10:57   0:46   0:00 
Christian Ehrhoff        0  0  0  -1  0   0  2  3  0  1  0/0    25:23   1:01   8:22 
Cody Ceci                0  1  1  -2  0   3  1  1  1  2  0/0    21:01   1:01   2:28 
Curtis McKenzie          0  0  0  -2  2   1  3  0  0  0  0/0     9:56   0:00   0:00 
Jacob Trouba             0  0  0  -1  2   3  1  2  0  6  0/0    25:27   2:57   6:47 
Jarret Stoll             0  1  1   0  2   1  3  0  0  0  4/9    13:45   0:00   0:00 
Jimmy Hayes              0  0  0  -2  0   2  0  1  4  1  0/1    19:46   1:53   6:58 
Joakim Lindstrom         0  0  0   0  0   0  2  0  0  0  0/2    16:50   2:32   1:53 
Jon Merrill              0  0  0   0  0   1  1  2  0  2  0/0    18:49   2:57   0:53 
Linden Vey               0  0  0  -2  0   1  0  1  0  0  2/4     9:57   0:00   0:00 
Luke Witkowski           0  0  0   0  0   2  0  0  0  0  0/0    13:31   0:00   0:00 
Marcus Foligno           0  0  0  -1  0   3  3  1  1  0  2/5    18:12   2:05   1:53 
Mark Fraser              0  0  0  -2  4   0  2  1  0  1  0/0    15:46   0:00   0:00 
Mikael Granlund          1  0  1   0  0   3  0  0  1  0  12/21  20:53   2:05   7:13 
Nail Yakupov             0  0  0  -1  0   0  1  1  2  0  0/0     9:58   0:00   0:00 
Nathan MacKinnon         0  0  0   0  2   0  0  0  2  0  6/7    14:12   0:40   0:09 
Vladimir Tarasenko       0  0  0  -1  0   4  1  0  2  0  0/1     9:58   0:00   0:00 

Players Stats for Devils

Player Name              G  A  P  +/- PIM S  H  SB GA TA FO     MP     PP MP  PK MP  
------------------------------------------------------------------------------------
Ales Hemsky              1  2  3   1  0   4  0  1  4  0  0/0    20:25   5:58   1:00 
Andrew Miller            0  0  0   0  0   1  0  0  2  0  3/4    13:12   0:00   0:00 
Brad Hunt                1  0  1   2  0   2  1  0  0  2  0/0    22:49   5:58   2:34 
Brendan Shinnimin        0  0  0   0  0   0  0  0  0  0  0/5     8:30   0:00   0:09 
Chris Porter             0  0  0   0  0   0  2  0  0  0  0/0    10:35   0:00   0:51 
Chris Wideman            0  0  0  -1  0   0  0  0  0  0  0/0     7:53   3:17   0:00 
David Warsofsky          0  1  1   2  5   0  1  0  0  0  0/0    14:59   0:00   0:00 
Drew Stafford            2  1  3   2  0   4  2  1  0  0  0/2    17:56   4:16   0:00 
Jason Akeson             0  0  0   0  4   1  0  0  1  2  0/0    14:15   0:20   0:00 
Matt Cullen              2  1  3   1  0   3  0  0  3  0  12/20  20:07   4:59   2:58 
Matt Greene              0  0  0   2  0   0  3  0  0  1  0/0    14:40   0:00   1:24 
Matt Irwin               0  0  0   0  0   0  1  0  1  0  0/0    14:18   0:00   1:24 
Paul Stastny             2  2  4   2  0   4  1  3  1  0  9/16   17:56   4:16   0:00 
Radko Gudas              0  2  2   1  0   4  1  1  0  2  0/0    19:12   0:00   2:34 
Scottie Upshall          0  2  2   1  0   2  2  0  1  1  0/1    19:13   4:59   2:58 
Sergei Gonchar           0  1  1   0  0   2  1  0  0  0  0/0    18:33   3:17   0:00 
Tyler Johnson            0  3  3   2  0   3  3  0  5  2  1/1    23:01   3:56   0:00 
Zach Boychuk             0  0  0   0  0   3  3  1  4  2  0/3    18:25   4:59   0:00 

3 Stars

1 - Paul Stastny (NJD)
2 - Drew Stafford (NJD)
3 - Matt Cullen (NJD)

Power Play

Penguins - 0 on 2 Attempt(s) - 0.00%
Devils - 4 on 7 Attempt(s) - 57.14%

Penalty Kill

Penguins - 3 on 7 Attempt(s) - 42.86% - Score 0 goal in Penalty Kill
Devils - 2 on 2 Attempt(s) - 100.00% - Score 0 goal in Penalty Kill

Team Stat

Penguins - Hits : 23 - Faceoff Wins : 27 - Blocked Shots : 13 - Penalty Minutes : 29
Devils - Hits : 21 - Faceoff Wins : 25 - Blocked Shots : 7 - Penalty Minutes : 9

Official

Referees : Unknown
Linesman : Unknown

Game Notes

David Warsofsky beats up Chris Stewart at 0:47 of 2nd period
Alex Stalock enters game at 11:21 of 2nd period
Dan Ellis enters game at 1:38 of 3rd period

Finance

Level 1 -- Attendance: 6000 (100.00%) -- Ticket Income $450,000
Level 2 -- Attendance: 3829 (76.58%) -- Ticket Income $229,740
Level 3 -- Attendance: 1552 (77.60%) -- Ticket Income $54,320
Level 4 -- Attendance: 2259 (56.48%) -- Ticket Income $56,475
Luxury Box -- Attendance: 1000 (100.00%) -- Ticket Income $160,000
Game was played at the Continental Airlines Arena.
Total Attendance: 14640 (81.33%)
Total Ticket Income: $950,535
Other Income: $465,762
Total Income: $1,416,297

Penguins

5 vs 5 Forward 
   Center                   Left Wing                Right Wing               Time % Phy DF OF 
 1 Nathan MacKinnon         Marcus Foligno           Joakim Lindstrom         35     1   2  2  
 2 Jarret Stoll             Chris Kelly              Chris Stewart            30     1   2  2  
 3 Mikael Granlund          Nail Yakupov             Vladimir Tarasenko       22     1   2  2  
 4 Linden Vey               Curtis McKenzie          Jimmy Hayes              13     1   2  2  

5 vs 5 Defense 
   Defense                  Defense                                           Time % Phy DF OF 
 1 Jacob Trouba             Christian Ehrhoff                                 35     1   2  2  
 2 Mark Fraser              Cody Ceci                                         30     1   2  2  
 3 Jon Merrill              Luke Witkowski                                    22     1   2  2  
 4 Jacob Trouba             Christian Ehrhoff                                 13     1   2  2  

PowerPlay Forward 
   Center                   Left Wing                Right Wing               Time % Phy DF OF 
 1 Mikael Granlund          Marcus Foligno           Joakim Lindstrom         60     1   2  2  
 2 Jimmy Hayes              Chris Kelly              Chris Stewart            40     1   2  2  

PowerPlay Defense
   Defense                  Defense                                           Time % Phy DF OF 
 1 Jacob Trouba             Jon Merrill                                       60     1   2  2  
 2 Christian Ehrhoff        Cody Ceci                                         40     1   2  2  

Penalty Kill 4 Players Forward 
   Center                   Wing                     Time % Phy DF OF 
 1 Mikael Granlund          Jimmy Hayes              60     1   2  2  
 2 Marcus Foligno           Joakim Lindstrom         40     1   2  2  

Penalty Kill 4 Players Defense
   Defense                  Defense                  Time % Phy DF OF 
 1 Christian Ehrhoff        Jacob Trouba             60     1   2  2  
 2 Jon Merrill              Cody Ceci                40     1   2  2  

Penalty Kill - 3 Players Forward 
   Forward                                           Time % Phy DF OF 
 1 Joakim Lindstrom                                  60     1   2  2  
 2 Marcus Foligno                                    40     1   2  2  

Penalty Kill - 3 Players Defense
   Defense                  Defense                  Time % Phy DF OF 
 1 Christian Ehrhoff        Jon Merrill              60     1   2  2  
 2 Jacob Trouba             Cody Ceci                40     1   2  2  

4 vs 4 Forward 
   Center                   Wing                     Time % Phy DF OF 
 1 Mikael Granlund          Joakim Lindstrom         60     1   2  2  
 2 Marcus Foligno           Nathan MacKinnon         40     1   2  2  

4 vs 4 Defense
   Defense                  Defense                  Time % Phy DF OF 
 1 Jacob Trouba             Christian Ehrhoff        60     1   2  2  
 2 Mark Fraser              Cody Ceci                40     1   2  2  

Last Minutes Offensive
   Center                   Left Wing                Right Wing               Defense                  Defense                  
   Nathan MacKinnon         Marcus Foligno           Joakim Lindstrom         Jacob Trouba             Christian Ehrhoff        

Last Minutes Defensive
   Center                   Left Wing                Right Wing               Defense                  Defense                  
   Nathan MacKinnon         Marcus Foligno           Joakim Lindstrom         Jacob Trouba             Christian Ehrhoff        

Goaltenders
Starting : Dan Ellis                
Backup : Alex Stalock             

Extra Forwards
Normal : Mikael Granlund, Marcus Foligno, Jimmy Hayes - PP : Mikael Granlund, Joakim Lindstrom - PK : Jimmy Hayes
Extra Defensemen
Normal : Jon Merrill, Cody Ceci, Luke Witkowski - PP : Jon Merrill - PK : Jacob Trouba, Cody Ceci
Penalty Shots
Chris Stewart, Joakim Lindstrom, Marcus Foligno, Jimmy Hayes, Mikael Granlund

Devils

5 vs 5 Forward 
   Center                   Left Wing                Right Wing               Time % Phy DF OF 
 1 Paul Stastny             Tyler Johnson            Drew Stafford            38     0   0  5  
 2 Matt Cullen              Scottie Upshall          Ales Hemsky              30     1   2  2  
 3 Andrew Miller            Zach Boychuk             Jason Akeson             22     1   2  2  
 4 Brendan Shinnimin        Chris Porter             Tyler Johnson            10     1   2  2  

5 vs 5 Defense 
   Defense                  Defense                                           Time % Phy DF OF 
 1 Matt Greene              Brad Hunt                                         35     1   2  2  
 2 Radko Gudas              David Warsofsky                                   34     1   2  2  
 3 Matt Irwin               Sergei Gonchar                                    30     1   2  2  
 4 Chris Wideman            Sergei Gonchar                                    1      1   2  2  

PowerPlay Forward 
   Center                   Left Wing                Right Wing               Time % Phy DF OF 
 1 Paul Stastny             Tyler Johnson            Drew Stafford            60     0   0  5  
 2 Matt Cullen              Zach Boychuk             Scottie Upshall          40     0   0  5  

PowerPlay Defense
   Defense                  Defense                                           Time % Phy DF OF 
 1 Ales Hemsky              Brad Hunt                                         60     0   0  5  
 2 Chris Wideman            Sergei Gonchar                                    40     0   0  5  

Penalty Kill 4 Players Forward 
   Center                   Wing                     Time % Phy DF OF 
 1 Matt Cullen              Scottie Upshall          60     0   5  0  
 2 Brendan Shinnimin        Ales Hemsky              40     0   5  0  

Penalty Kill 4 Players Defense
   Defense                  Defense                  Time % Phy DF OF 
 1 Matt Greene              Matt Irwin               60     0   5  0  
 2 Radko Gudas              Brad Hunt                40     0   5  0  

Penalty Kill - 3 Players Forward 
   Forward                                           Time % Phy DF OF 
 1 Matt Cullen                                       60     0   5  0  
 2 Brendan Shinnimin                                 40     0   5  0  

Penalty Kill - 3 Players Defense
   Defense                  Defense                  Time % Phy DF OF 
 1 Matt Greene              Matt Irwin               60     0   5  0  
 2 Radko Gudas              Brad Hunt                40     0   5  0  

4 vs 4 Forward 
   Center                   Wing                     Time % Phy DF OF 
 1 Paul Stastny             Tyler Johnson            60     0   0  5  
 2 Brendan Shinnimin        Matt Cullen              40     1   3  1  

4 vs 4 Defense
   Defense                  Defense                  Time % Phy DF OF 
 1 Matt Greene              Brad Hunt                60     0   0  5  
 2 Radko Gudas              Sergei Gonchar           40     1   3  1  

Last Minutes Offensive
   Center                   Left Wing                Right Wing               Defense                  Defense                  
   Paul Stastny             Tyler Johnson            Drew Stafford            Brad Hunt                Chris Wideman            

Last Minutes Defensive
   Center                   Left Wing                Right Wing               Defense                  Defense                  
   Paul Stastny             Matt Cullen              Scottie Upshall          Matt Greene              Radko Gudas              

Goaltenders
Starting : Devan Dubnyk             
Backup : Thomas Greiss            

Extra Forwards
Normal : Tyler Johnson, Scottie Upshall, Zach Boychuk - PP : Zach Boychuk, Jason Akeson - PK : Ales Hemsky
Extra Defensemen
Normal : Chris Wideman, Matt Greene, Radko Gudas - PP : Radko Gudas - PK : Chris Wideman, David Warsofsky
Penalty Shots
Matt Cullen, Drew Stafford, Ales Hemsky, Tyler Johnson, Andrew Miller

% Time on Ice - Penguins

Lines # - Real PCT - Wanted PCT - Time Play
Normal Forward
1 - 26% - 35% - 12:23
2 - 31% - 30% - 14:29
3 - 21% - 22% - 9:58
4 - 21% - 13% - 9:57
Normal Defense
1 - 29% - 35% - 13:20
2 - 37% - 30% - 17:32
3 - 29% - 22% - 13:31
4 - 5% - 13% - 2:24
PP Forward
1 - 53% - 60% - 2:05
2 - 47% - 40% - 1:53
PP Defense
1 - 74% - 60% - 2:57
2 - 26% - 40% - 1:01
PK Forward
1 - 80% - 60% - 7:22
2 - 20% - 40% - 1:53
PK Defense
1 - 90% - 60% - 8:22
2 - 10% - 40% - 0:53
PK3 Forward
1 - 0% - 60%
2 - 0% - 40%
PK3 Defense
1 - 0% - 60%
2 - 0% - 40%
44 Forward
1 - 0% - 60%
2 - 0% - 40%
44 Defense
1 - 0% - 60%
2 - 0% - 40%
Last Minute Offensive  - 0:00
Last Minute Defensive  - 0:00
Total
Forward - 60:00
Defense - 60:00

% Time on Ice - Devils

Lines # - Real PCT - Wanted PCT - Time Play
Normal Forward
1 - 31% - 38% - 14:25
2 - 23% - 30% - 10:49
3 - 28% - 22% - 13:12
4 - 18% - 10% - 8:21
Normal Defense
1 - 32% - 35% - 14:53
2 - 37% - 34% - 17:21
3 - 25% - 30% - 11:41
4 - 6% - 1% - 2:52
PP Forward
1 - 46% - 60% - 4:16
2 - 54% - 40% - 4:59
PP Defense
1 - 65% - 60% - 5:58
2 - 35% - 40% - 3:17
PK Forward
1 - 96% - 60% - 3:49
2 - 4% - 40% - 0:09
PK Defense
1 - 35% - 60% - 1:24
2 - 65% - 40% - 2:34
PK3 Forward
1 - 0% - 60%
2 - 0% - 40%
PK3 Defense
1 - 0% - 60%
2 - 0% - 40%
44 Forward
1 - 0% - 60%
2 - 0% - 40%
44 Defense
1 - 0% - 60%
2 - 0% - 40%
Last Minute Offensive  - 0:00
Last Minute Defensive  - 0:00
Total
Forward - 60:00
Defense - 60:00

Play by Play

1st period


0:01 of 1st period - Paul Stastny wins face-off versus Nathan MacKinnon in neutral zone.
0:14 of 1st period - Backhand shot by Drew Stafford.
0:14 of 1st period - Stopped by Dan Ellis without a rebound.
0:15 of 1st period - Nathan MacKinnon wins face-off versus Paul Stastny in Penguins zone.
0:44 of 1st period - Jacob Trouba is hit by Paul Stastny and loses puck.
0:59 of 1st period - Wrist shot by Ales Hemsky.
0:59 of 1st period - Stopped by Dan Ellis with a rebound.
1:05 of 1st period - Jacob Trouba is hit by Scottie Upshall and loses puck.
1:20 of 1st period - Jarret Stoll is hit by Matt Greene and loses puck.
2:04 of 1st period - Slapshot by Jason Akeson.
2:04 of 1st period - Stopped by Dan Ellis with a rebound.
2:06 of 1st period - Slapshot by Radko Gudas.
2:06 of 1st period - Shot Misses the Net.
2:24 of 1st period - Sergei Gonchar is hit by Vladimir Tarasenko and loses puck.
2:31 of 1st period - Snap shot by Vladimir Tarasenko.
2:31 of 1st period - Stopped by Devan Dubnyk without a rebound.
2:32 of 1st period - Linden Vey wins face-off versus Brendan Shinnimin in Devils zone.
2:39 of 1st period - Chris Porter is hit by Curtis McKenzie and loses puck.
2:59 of 1st period - Icing by Brendan Shinnimin.
3:00 of 1st period - Jarret Stoll wins face-off versus Brendan Shinnimin in Devils zone.
3:07 of 1st period - Slapshot by Chris Stewart.
3:07 of 1st period - Stopped by Devan Dubnyk with a rebound.
3:09 of 1st period - Snap shot by Cody Ceci.
3:09 of 1st period - Deflect By Tyler Johnson.
3:09 of 1st period - Stopped by Devan Dubnyk with a rebound.
3:11 of 1st period - Slapshot by Cody Ceci.
3:11 of 1st period - Stopped by Devan Dubnyk with a rebound.
3:17 of 1st period - Wrist shot by Chris Stewart.
3:17 of 1st period - Stopped by Devan Dubnyk with a rebound.
3:19 of 1st period - Slapshot by Cody Ceci.
3:19 of 1st period - Deflect By Sergei Gonchar.
3:19 of 1st period - Stopped by Devan Dubnyk without a rebound.
3:20 of 1st period - Matt Cullen wins face-off versus Chris Kelly in Devils zone.
3:20 of 1st period - Matt Cullen is hit by Jarret Stoll.
3:27 of 1st period - Minor Penalty to Mark Fraser for High sticking.
3:28 of 1st period - Matt Cullen wins face-off versus Mikael Granlund in Penguins zone.
3:43 of 1st period - Wrist shot by Matt Cullen.
3:43 of 1st period - Deflect By Scottie Upshall.
3:43 of 1st period - Stopped by Dan Ellis with a rebound.
3:45 of 1st period - Wrist shot by Matt Cullen.
3:45 of 1st period - Goal by Matt Cullen - Penguins : 0 - Devils : 1.
3:46 of 1st period - Paul Stastny wins face-off versus Mikael Granlund in neutral zone.
4:12 of 1st period - Snap shot by Vladimir Tarasenko.
4:12 of 1st period - Stopped by Devan Dubnyk without a rebound.
4:13 of 1st period - Nathan MacKinnon wins face-off versus Scottie Upshall in Devils zone.
4:14 of 1st period - Snap shot by Jacob Trouba.
4:14 of 1st period - Shot Misses the Net.
4:24 of 1st period - Slapshot by Ales Hemsky.
4:24 of 1st period - Shot Misses the Net.
4:26 of 1st period - Wrist shot by Ales Hemsky.
4:26 of 1st period - Stopped by Dan Ellis with a rebound.
4:28 of 1st period - Snap shot by Matt Cullen.
4:28 of 1st period - Shot Blocked by Christian Ehrhoff.
5:28 of 1st period - Jon Merrill is hit by Zach Boychuk and loses puck.
5:56 of 1st period - Wrist shot by Jimmy Hayes.
5:56 of 1st period - Shot Misses the Net.
6:12 of 1st period - Linden Vey is hit by Matt Greene and loses puck.
9:43 of 1st period - Minor Penalty to Mark Fraser for Interference.
9:44 of 1st period - Mikael Granlund wins face-off versus Zach Boychuk in Penguins zone.
10:26 of 1st period - Off-side.
10:27 of 1st period - Paul Stastny wins face-off versus Mikael Granlund in neutral zone.
10:40 of 1st period - Slapshot by Paul Stastny.
10:40 of 1st period - Goal by Paul Stastny - Penguins : 0 - Devils : 2.
10:41 of 1st period - Nathan MacKinnon wins face-off versus Matt Cullen in neutral zone.
10:58 of 1st period - Nathan MacKinnon is hit by Scottie Upshall and loses puck.
12:22 of 1st period - Tyler Johnson is hit by Jarret Stoll.
12:38 of 1st period - Wrist shot by Chris Stewart.
12:38 of 1st period - Stopped by Devan Dubnyk with a rebound.
12:40 of 1st period - Snap shot by Chris Kelly.
12:40 of 1st period - Shot Misses the Net.
12:58 of 1st period - Scottie Upshall is hit by Curtis McKenzie and loses puck.
13:03 of 1st period - Snap shot by Jimmy Hayes.
13:03 of 1st period - Shot Misses the Net.
13:05 of 1st period - Snap shot by Jon Merrill.
13:05 of 1st period - Shot Misses the Net.
13:07 of 1st period - Wrist shot by Curtis McKenzie.
13:07 of 1st period - Stopped by Devan Dubnyk without a rebound.
13:08 of 1st period - Matt Cullen wins face-off versus Mikael Granlund in Devils zone.
13:24 of 1st period - Wrist shot by Ales Hemsky.
13:24 of 1st period - Stopped by Dan Ellis with a rebound.
13:45 of 1st period - Snap shot by Andrew Miller.
13:45 of 1st period - Stopped by Dan Ellis with a rebound.
13:47 of 1st period - Slapshot by Sergei Gonchar.
13:47 of 1st period - Stopped by Dan Ellis with a rebound.
13:49 of 1st period - Wrist shot by Jason Akeson.
13:49 of 1st period - Shot Misses the Net.
13:51 of 1st period - Snap shot by Sergei Gonchar.
13:51 of 1st period - Deflect By Andrew Miller.
13:51 of 1st period - Shot Blocked by Nail Yakupov.
13:51 of 1st period - Puck is out of play.
13:52 of 1st period - Andrew Miller wins face-off versus Jarret Stoll in Penguins zone.
14:49 of 1st period - Snap shot by Jimmy Hayes.
14:49 of 1st period - Shot Blocked by Paul Stastny.
14:52 of 1st period - Icing by Radko Gudas.
14:53 of 1st period - Linden Vey wins face-off versus Paul Stastny in Devils zone.
15:04 of 1st period - Mark Fraser is hit by Drew Stafford.
15:14 of 1st period - Minor Penalty to Curtis McKenzie for Holding.
15:15 of 1st period - Mikael Granlund wins face-off versus Matt Cullen in Penguins zone.
15:36 of 1st period - Snap shot by Ales Hemsky.
15:36 of 1st period - Shot Blocked by Jacob Trouba.
15:38 of 1st period - Slapshot by Ales Hemsky.
15:38 of 1st period - Shot Misses the Net.
15:40 of 1st period - Slapshot by Scottie Upshall.
15:40 of 1st period - Shot Blocked by Christian Ehrhoff.
15:42 of 1st period - Slapshot by Brad Hunt.
15:42 of 1st period - Goal by Brad Hunt - Penguins : 0 - Devils : 3.
15:43 of 1st period - Paul Stastny wins face-off versus Joakim Lindstrom in neutral zone.
15:56 of 1st period - Snap shot by Paul Stastny.
15:56 of 1st period - Shot Blocked by Mark Fraser.
16:04 of 1st period - Wrist shot by Tyler Johnson.
16:04 of 1st period - Stopped by Dan Ellis without a rebound.
16:05 of 1st period - Matt Cullen wins face-off versus Jarret Stoll in Penguins zone.
16:08 of 1st period - Backhand shot by Ales Hemsky.
16:08 of 1st period - Shot Misses the Net.
16:16 of 1st period - Snap shot by Ales Hemsky.
16:16 of 1st period - Shot Blocked by Christian Ehrhoff.
17:53 of 1st period - Snap shot by Vladimir Tarasenko.
17:53 of 1st period - Stopped by Devan Dubnyk with a rebound.
17:55 of 1st period - Slapshot by Cody Ceci.
17:55 of 1st period - Shot Blocked by Paul Stastny.
18:04 of 1st period - Slapshot by Cody Ceci.
18:04 of 1st period - Shot Blocked by Paul Stastny.
18:14 of 1st period - Curtis McKenzie is hit by Tyler Johnson and loses puck.
18:31 of 1st period - Snap shot by Jimmy Hayes.
18:31 of 1st period - Stopped by Devan Dubnyk with a rebound.
18:33 of 1st period - Slapshot by Jon Merrill.
18:33 of 1st period - Shot Misses the Net.
19:03 of 1st period - Wrist shot by Chris Kelly.
19:03 of 1st period - Deflect By Jarret Stoll.
19:03 of 1st period - Shot Misses the Net.
19:03 of 1st period - Puck is out of play.
19:04 of 1st period - Jarret Stoll wins face-off versus Matt Cullen in Devils zone.
19:50 of 1st period - Radko Gudas is hit by Marcus Foligno and loses puck.
Goals for this period are 0 for Penguins vs 3 for Devils.
Shots for this period are 11 for Penguins vs 12 for Devils.

2nd period


0:01 of 2nd period - Paul Stastny wins face-off versus Joakim Lindstrom in neutral zone.
0:12 of 2nd period - Wrist shot by Tyler Johnson.
0:12 of 2nd period - Shot Misses the Net.
0:32 of 2nd period - Wrist shot by Paul Stastny.
0:32 of 2nd period - Stopped by Dan Ellis without a rebound.
0:33 of 2nd period - Jarret Stoll wins face-off versus Matt Cullen in Penguins zone.
0:44 of 2nd period - Wrist shot by Jarret Stoll.
0:44 of 2nd period - Shot Misses the Net.
0:46 of 2nd period - Slapshot by Cody Ceci.
0:46 of 2nd period - Shot Misses the Net.
0:47 of 2nd period - David Warsofsky beats up Chris Stewart.
0:47 of 2nd period - Penalty to David Warsofsky for Fighting.
0:47 of 2nd period - Penalty to Chris Stewart for Fighting.
0:47 of 2nd period - Penalty to Chris Stewart for instigated a fight.
0:47 of 2nd period - Penalty to Chris Stewart for instigated a fight.
0:48 of 2nd period - Mikael Granlund wins face-off versus Paul Stastny in Devils zone.
0:59 of 2nd period - Snap shot by Tyler Johnson.
0:59 of 2nd period - Deflect By Paul Stastny.
0:59 of 2nd period - Shot Misses the Net.
0:59 of 2nd period - Puck is out of play.
1:00 of 2nd period - Mikael Granlund wins face-off versus Paul Stastny in Penguins zone.
1:25 of 2nd period - Christian Ehrhoff is hit by Tyler Johnson and loses puck.
1:34 of 2nd period - Wrist shot by Jimmy Hayes.
1:34 of 2nd period - Stopped by Devan Dubnyk without a rebound.
1:35 of 2nd period - Mikael Granlund wins face-off versus Matt Cullen in Devils zone.
1:50 of 2nd period - Snap shot by Zach Boychuk.
1:50 of 2nd period - Shot Blocked by Jon Merrill.
1:59 of 2nd period - Icing by Sergei Gonchar.
2:00 of 2nd period - Matt Cullen wins face-off versus Marcus Foligno in Devils zone.
2:05 of 2nd period - Snap shot by Zach Boychuk.
2:05 of 2nd period - Stopped by Dan Ellis with a rebound.
2:07 of 2nd period - Wrist shot by Sergei Gonchar.
2:07 of 2nd period - Shot Blocked by Jacob Trouba.
2:09 of 2nd period - Backhand shot by Zach Boychuk.
2:09 of 2nd period - Stopped by Dan Ellis without a rebound.
2:10 of 2nd period - Marcus Foligno wins face-off versus Drew Stafford in Penguins zone.
2:47 of 2nd period - Penalty to Chris Stewart is over, Nathan MacKinnon is send on ice.
3:03 of 2nd period - Andrew Miller is hit by Marcus Foligno and loses puck.
3:14 of 2nd period - Slapshot by Chris Kelly.
3:14 of 2nd period - Stopped by Devan Dubnyk with a rebound.
3:16 of 2nd period - Slapshot by Jon Merrill.
3:16 of 2nd period - Stopped by Devan Dubnyk with a rebound.
3:18 of 2nd period - Slapshot by Luke Witkowski.
3:18 of 2nd period - Stopped by Devan Dubnyk with a rebound.
3:20 of 2nd period - Wrist shot by Jarret Stoll.
3:20 of 2nd period - Shot Misses the Net.
3:30 of 2nd period - Snap shot by Jarret Stoll.
3:30 of 2nd period - Stopped by Devan Dubnyk with a rebound.
3:32 of 2nd period - Snap shot by Jon Merrill.
3:32 of 2nd period - Shot Blocked by Ales Hemsky.
3:34 of 2nd period - Snap shot by Jarret Stoll.
3:34 of 2nd period - Shot Misses the Net.
3:48 of 2nd period - Wrist shot by Marcus Foligno.
3:48 of 2nd period - Stopped by Devan Dubnyk without a rebound.
3:49 of 2nd period - Nathan MacKinnon wins face-off versus Brendan Shinnimin in Devils zone.
3:55 of 2nd period - Off-side.
3:56 of 2nd period - Nathan MacKinnon wins face-off versus Brendan Shinnimin in neutral zone.
4:49 of 2nd period - Snap shot by Mikael Granlund.
4:49 of 2nd period - Goal by Mikael Granlund - Penguins : 1 - Devils : 3.
4:50 of 2nd period - Tyler Johnson wins face-off versus Jarret Stoll in neutral zone.
5:47 of 2nd period - Snap shot by Linden Vey.
5:47 of 2nd period - Shot Blocked by Zach Boychuk.
5:59 of 2nd period - Wrist shot by Linden Vey.
5:59 of 2nd period - Stopped by Devan Dubnyk with a rebound.
6:01 of 2nd period - Wrist shot by Linden Vey.
6:01 of 2nd period - Shot Misses the Net.
6:13 of 2nd period - Minor Penalty to Jason Akeson for Tripping.
6:14 of 2nd period - Mikael Granlund wins face-off versus Matt Cullen in Devils zone.
6:15 of 2nd period - Slapshot by Jacob Trouba.
6:15 of 2nd period - Stopped by Devan Dubnyk with a rebound.
6:31 of 2nd period - Brad Hunt is hit by Joakim Lindstrom.
6:57 of 2nd period - Scottie Upshall is hit by Jacob Trouba and loses puck.
7:50 of 2nd period - Ales Hemsky is hit by Cody Ceci and loses puck.
8:01 of 2nd period - Jon Merrill is hit by Chris Porter and loses puck.
8:13 of 2nd period - Penalty to Jason Akeson is over, Jason Akeson is back on ice.
8:55 of 2nd period - Jon Merrill is hit by Drew Stafford and loses puck.
9:20 of 2nd period - Icing by Drew Stafford.
9:21 of 2nd period - Paul Stastny wins face-off versus Linden Vey in Devils zone.
10:54 of 2nd period - Slapshot by Scottie Upshall.
10:54 of 2nd period - Shot Blocked by Cody Ceci.
11:00 of 2nd period - Radko Gudas is hit by Curtis McKenzie and loses puck.
11:21 of 2nd period - Wrist shot by Tyler Johnson.
11:21 of 2nd period - Deflect By Drew Stafford.
11:21 of 2nd period - Goal by Drew Stafford - Penguins : 1 - Devils : 4.
11:21 of 2nd period - Alex Stalock enters game.
11:22 of 2nd period - Andrew Miller wins face-off versus Marcus Foligno in neutral zone.
11:39 of 2nd period - Wrist shot by Marcus Foligno.
11:39 of 2nd period - Stopped by Devan Dubnyk with a rebound.
11:41 of 2nd period - Wrist shot by Joakim Lindstrom.
11:41 of 2nd period - Shot Misses the Net.
11:43 of 2nd period - Snap shot by Marcus Foligno.
11:43 of 2nd period - Stopped by Devan Dubnyk with a rebound.
12:53 of 2nd period - Wrist shot by Matt Cullen.
12:53 of 2nd period - Stopped by Alex Stalock with a rebound.
12:55 of 2nd period - Slapshot by Radko Gudas.
12:55 of 2nd period - Stopped by Alex Stalock with a rebound.
12:57 of 2nd period - Slapshot by Radko Gudas.
12:57 of 2nd period - Stopped by Alex Stalock with a rebound.
12:59 of 2nd period - Snap shot by Ales Hemsky.
12:59 of 2nd period - Goal by Ales Hemsky - Penguins : 1 - Devils : 5.
13:00 of 2nd period - Matt Cullen wins face-off versus Linden Vey in neutral zone.
13:10 of 2nd period - Slapshot by David Warsofsky.
13:10 of 2nd period - Shot Blocked by Linden Vey.
13:12 of 2nd period - Slapshot by Radko Gudas.
13:12 of 2nd period - Stopped by Alex Stalock with a rebound.
13:14 of 2nd period - Backhand shot by Matt Cullen.
13:14 of 2nd period - Shot Misses the Net.
13:16 of 2nd period - Snap shot by Matt Cullen.
13:16 of 2nd period - Goal by Matt Cullen - Penguins : 1 - Devils : 6.
13:17 of 2nd period - Mikael Granlund wins face-off versus Drew Stafford in neutral zone.
13:30 of 2nd period - Snap shot by Mikael Granlund.
13:30 of 2nd period - Stopped by Devan Dubnyk without a rebound.
13:31 of 2nd period - Mikael Granlund wins face-off versus Paul Stastny in Devils zone.
13:32 of 2nd period - Slapshot by Vladimir Tarasenko.
13:32 of 2nd period - Stopped by Devan Dubnyk without a rebound.
13:33 of 2nd period - Paul Stastny wins face-off versus Vladimir Tarasenko in Devils zone.
14:29 of 2nd period - Cody Ceci is hit by David Warsofsky and loses puck.
14:42 of 2nd period - Nathan MacKinnon is hit by Radko Gudas and loses puck.
15:13 of 2nd period - Mikael Granlund is hit by Zach Boychuk and loses puck.
15:44 of 2nd period - Curtis McKenzie is hit by Zach Boychuk.
15:47 of 2nd period - 10 Minutes Misconduct Penalty to Chris Stewart is over.
16:34 of 2nd period - Wrist shot by Paul Stastny.
16:34 of 2nd period - Shot Misses the Net.
16:36 of 2nd period - Snap shot by Tyler Johnson.
16:36 of 2nd period - Shot Blocked by Jimmy Hayes.
16:38 of 2nd period - Snap shot by Drew Stafford.
16:38 of 2nd period - Goal by Drew Stafford - Penguins : 1 - Devils : 7.
16:39 of 2nd period - Matt Cullen wins face-off versus Marcus Foligno in neutral zone.
16:42 of 2nd period - Snap shot by Scottie Upshall.
16:42 of 2nd period - Shot Blocked by Marcus Foligno.
16:44 of 2nd period - Slapshot by Radko Gudas.
16:44 of 2nd period - Stopped by Alex Stalock with a rebound.
16:53 of 2nd period - Minor Penalty to Nathan MacKinnon for Interference.
16:54 of 2nd period - Matt Cullen wins face-off versus Jimmy Hayes in Penguins zone.
17:06 of 2nd period - Slapshot by Ales Hemsky.
17:06 of 2nd period - Deflect By Scottie Upshall.
17:06 of 2nd period - Stopped by Alex Stalock with a rebound.
17:08 of 2nd period - Snap shot by Zach Boychuk.
17:08 of 2nd period - Stopped by Alex Stalock without a rebound.
17:09 of 2nd period - Mikael Granlund wins face-off versus Zach Boychuk in Penguins zone.
17:23 of 2nd period - Icing by Brad Hunt.
17:24 of 2nd period - Matt Cullen wins face-off versus Mikael Granlund in Devils zone.
18:05 of 2nd period - Jimmy Hayes is hit by Brad Hunt and loses puck.
18:49 of 2nd period - Scottie Upshall is hit by Marcus Foligno and loses puck.
18:53 of 2nd period - Penalty to Nathan MacKinnon is over, Nathan MacKinnon is back on ice.
19:34 of 2nd period - Brendan Shinnimin is hit by Jarret Stoll and loses puck.
19:53 of 2nd period - Slapshot by Chris Stewart.
19:53 of 2nd period - Deflect By Chris Kelly.
19:53 of 2nd period - Stopped by Devan Dubnyk with a rebound.
Goals for this period are 1 for Penguins vs 4 for Devils.
Shots for this period are 14 for Penguins vs 14 for Devils.

3rd period


0:01 of 3rd period - Nathan MacKinnon wins face-off versus Paul Stastny in neutral zone.
0:03 of 3rd period - Minor Penalty to Jacob Trouba for Slashing.
0:04 of 3rd period - Paul Stastny wins face-off versus Mikael Granlund in Penguins zone.
0:06 of 3rd period - Wrist shot by Tyler Johnson.
0:06 of 3rd period - Stopped by Alex Stalock with a rebound.
0:08 of 3rd period - Snap shot by Brad Hunt.
0:08 of 3rd period - Stopped by Alex Stalock with a rebound.
0:10 of 3rd period - Slapshot by Drew Stafford.
0:10 of 3rd period - Stopped by Alex Stalock with a rebound.
0:12 of 3rd period - Wrist shot by Tyler Johnson.
0:12 of 3rd period - Shot Hit the Post.
0:18 of 3rd period - Wrist shot by Paul Stastny.
0:18 of 3rd period - Stopped by Alex Stalock with a rebound.
0:33 of 3rd period - Off-side.
0:34 of 3rd period - Matt Cullen wins face-off versus Mikael Granlund in neutral zone.
0:49 of 3rd period - Matt Cullen is hit by Christian Ehrhoff and loses puck.
1:38 of 3rd period - Slapshot by Tyler Johnson.
1:38 of 3rd period - Deflect By Paul Stastny.
1:38 of 3rd period - Goal by Paul Stastny - Penguins : 1 - Devils : 8.
1:38 of 3rd period - Dan Ellis enters game.
1:39 of 3rd period - Andrew Miller wins face-off versus Jarret Stoll in neutral zone.
1:41 of 3rd period - Off-side.
1:42 of 3rd period - Jarret Stoll wins face-off versus Andrew Miller in neutral zone.
1:50 of 3rd period - Radko Gudas is hit by Jon Merrill and loses puck.
2:03 of 3rd period - Snap shot by Chris Stewart.
2:03 of 3rd period - Shot Misses the Net.
2:05 of 3rd period - Slapshot by Jon Merrill.
2:05 of 3rd period - Shot Misses the Net.
2:07 of 3rd period - Snap shot by Chris Kelly.
2:07 of 3rd period - Stopped by Devan Dubnyk with a rebound.
2:12 of 3rd period - Minor Penalty to Jason Akeson for Roughing.
2:13 of 3rd period - Marcus Foligno wins face-off versus Matt Cullen in Devils zone.
2:29 of 3rd period - Wrist shot by Jacob Trouba.
2:29 of 3rd period - Stopped by Devan Dubnyk without a rebound.
2:30 of 3rd period - Matt Cullen wins face-off versus Mikael Granlund in Devils zone.
3:14 of 3rd period - Scottie Upshall is hit by Chris Stewart.
4:12 of 3rd period - Penalty to Jason Akeson is over, Jason Akeson is back on ice.
4:31 of 3rd period - Chris Kelly is hit by Chris Porter and loses puck.
5:13 of 3rd period - Tyler Johnson is hit by Mark Fraser and loses puck.
6:16 of 3rd period - Slapshot by Brad Hunt.
6:16 of 3rd period - Deflect By Tyler Johnson.
6:16 of 3rd period - Stopped by Dan Ellis without a rebound.
6:17 of 3rd period - Chris Kelly wins face-off versus Brendan Shinnimin in Penguins zone.
8:25 of 3rd period - Wrist shot by Vladimir Tarasenko.
8:25 of 3rd period - Deflect By Mikael Granlund.
8:25 of 3rd period - Stopped by Devan Dubnyk without a rebound.
8:26 of 3rd period - Mikael Granlund wins face-off versus Matt Cullen in Devils zone.
9:07 of 3rd period - Wrist shot by Jacob Trouba.
9:07 of 3rd period - Stopped by Devan Dubnyk without a rebound.
9:08 of 3rd period - Paul Stastny wins face-off versus Jarret Stoll in Devils zone.
9:08 of 3rd period - Paul Stastny is hit by Chris Kelly.
9:18 of 3rd period - Minor Penalty to Jarret Stoll for Hooking.
9:19 of 3rd period - Mikael Granlund wins face-off versus Zach Boychuk in Penguins zone.
9:28 of 3rd period - Wrist shot by Ales Hemsky.
9:28 of 3rd period - Deflect By Scottie Upshall.
9:28 of 3rd period - Shot Misses the Net.
9:28 of 3rd period - Puck is out of play.
9:29 of 3rd period - Matt Cullen wins face-off versus Mikael Granlund in Penguins zone.
10:29 of 3rd period - Chris Wideman is hit by Joakim Lindstrom and loses puck.
11:04 of 3rd period - Paul Stastny is hit by Christian Ehrhoff and loses puck.
11:18 of 3rd period - Penalty to Jarret Stoll is over, Jarret Stoll is back on ice.
11:21 of 3rd period - Slapshot by Scottie Upshall.
11:21 of 3rd period - Shot Blocked by Jon Merrill.
11:23 of 3rd period - Snap shot by Sergei Gonchar.
11:23 of 3rd period - Stopped by Dan Ellis with a rebound.
13:01 of 3rd period - Drew Stafford is hit by Mark Fraser and loses puck.
13:10 of 3rd period - Cody Ceci is hit by Tyler Johnson and loses puck.
14:22 of 3rd period - Marcus Foligno is hit by Matt Irwin.
15:07 of 3rd period - Zach Boychuk is hit by Nail Yakupov and loses puck.
15:22 of 3rd period - Brad Hunt is hit by Chris Stewart and loses puck.
15:51 of 3rd period - Marcus Foligno is hit by Matt Greene and loses puck.
17:36 of 3rd period - Icing by David Warsofsky.
17:37 of 3rd period - Mikael Granlund wins face-off versus Paul Stastny in Devils zone.
17:40 of 3rd period - Slapshot by Vladimir Tarasenko.
17:40 of 3rd period - Shot Blocked by Radko Gudas.
17:42 of 3rd period - Slapshot by Luke Witkowski.
17:42 of 3rd period - Stopped by Devan Dubnyk with a rebound.
17:44 of 3rd period - Slapshot by Jon Merrill.
17:44 of 3rd period - Shot Blocked by Drew Stafford.
18:12 of 3rd period - Snap shot by Linden Vey.
18:12 of 3rd period - Shot Misses the Net.
19:18 of 3rd period - Wrist shot by Vladimir Tarasenko.
19:18 of 3rd period - Shot Misses the Net.
19:45 of 3rd period - Cody Ceci is hit by Sergei Gonchar and loses puck.
Goals for this period are 0 for Penguins vs 1 for Devils.
Shots for this period are 5 for Penguins vs 7 for Devils.